AoeStats
← Mknolix

Arena

510739350Analyzed
4v4 RM · 1d ago on Oct 2, 2026· 46m 54s· 8 players
Game mode
Random Map
Map size
Large (8 player)
Population
200
Speed
Normal
Resources
Standard
Victory
Conquest
Starting age
Dark Age
Ending age
Imperial Age
RankedLock teamsTeams togetherTeam positionsShared explorationLock speedFull tech treeHidden civsTurbo modeCheats
Victory
Defeat
🇨🇳 Poles · China
1296
+16
🇨🇳 Spanish · China
1290
+16
🇨🇳 Hindustanis · China
1279
+17
🇨🇳 Malians · China
1240
+19
🇭🇰 Varangians · Hong Kong SAR China
1318
-18
🇭🇰 Romans · Hong Kong SAR China
1313
-18
🇮🇳 Aztecs · India
1298
-17
🇦🇷 Khmer · Argentina
1249
-15
1097962590
10:17 Feudal Age
14:28 Castle Age
12:20 Double-Bit Axe
13:12 Horse Collar
15:39 Bow Saw
16:20 Town Watch
17:38 Loom
21:49 Wheelbarrow
22:04 Heavy Plow
24:03 Hand Cart
24:01 Gold Mining
24:02 Stone Mining
26:38 Scale Barding Armor
26:44 Forging
26:47 Bloodlines
26:38 Husbandry
29:49 Imperial Age
29:54 Cavalier
30:39 Farimba
31:00 Conscription
31:46 Chemistry
30:57 Masonry
31:08 Ballistics
31:11 Chain Barding Armor
31:27 Iron Casting
30:25 Light Cavalry
32:36 Hoardings
32:49 Plate Barding Armor
34:38 Architecture
36:07 Tigui
北斗星司
10:28 Feudal Age
14:51 Castle Age
13:11 Double-Bit Axe
13:29 Horse Collar
15:03 Loom
15:12 Gold Mining
18:03 Wheelbarrow
23:19 Town Watch
24:23 Padded Archer Armor
30:09 Bow Saw
31:23 Hand Cart
32:48 Heavy Plow
32:40 Stone Mining
34:15 Herbal Medicine
36:41 Leather Archer Armor
36:38 Bloodlines
36:28 Husbandry
40:43 Imperial Age
39:31 Husbandry
41:25 Stone Shaft Mining
41:40 Guilds
42:11 Conscription
41:42 Elite Conquistador
43:11 Ring Archer Armor
43:55 Chemistry
45:50 Hoardings
45:39 Masonry
45:40 Fortified Wall
45:51 Ballistics
45:27 Murder Holes
47:33 Inquisition
47:53 Supremacy
47:03 Sappers
苟住
10:08 Feudal Age
11:02 Double-Bit Axe
13:53 Castle Age
12:07 Horse Collar
19:19 Wheelbarrow
20:21 Heavy Plow
26:23 Imperial Age
23:41 Loom
24:51 Gold Mining
25:37 Bow Saw
25:25 Town Watch
26:04 Stone Mining
26:23 Scale Mail Armor
27:08 Hand Cart
28:11 Chemistry
27:26 Forging
28:53 Two-Man Saw
28:35 Conscription
28:09 Fletching
29:27 Chain Mail Armor
29:51 Gold Shaft Mining
29:54 Stone Shaft Mining
30:20 Iron Casting
29:52 Scale Barding Armor
29:46 Light Cavalry
30:24 Bodkin Arrow
30:54 Ballistics
31:07 Bloodlines
32:02 Blast Furnace
31:58 Shatagni
35:20 Chain Barding Armor
35:01 Bracer
34:54 Hussar
40:14 Husbandry
40:51 Plate Barding Armor
43:46 Padded Archer Armor
43:48 Grand Trunk Road
43:33 Heavy Camel Rider
45:41 Leather Archer Armor
45:27 Town Patrol
46:05 Hoardings
45:02 Imperial Camel Rider
顶呱呱
10:08 Feudal Age
14:11 Castle Age
12:13 Double-Bit Axe
12:32 Horse Collar
15:22 Bow Saw
20:09 Heavy Plow
21:06 Wheelbarrow
20:43 Gold Mining
20:59 Stone Mining
22:50 Hand Cart
23:15 Loom
26:29 Imperial Age
26:06 Scale Barding Armor
26:11 Forging
26:51 Szlachta Privileges
27:28 Chain Barding Armor
27:50 Stone Shaft Mining
27:31 Bloodlines
27:21 Husbandry
28:14 Crop Rotation
28:25 Iron Casting
28:26 Cavalier
28:28 Light Cavalry
29:34 Conscription
30:01 Lechitic Legacy
31:24 Blast Furnace
30:35 Winged Hussar
35:35 Coinage
35:47 Town Watch
36:53 Fletching
37:03 Padded Archer Armor
37:04 Scale Mail Armor
39:14 Town Patrol
39:59 Banking
41:20 Ballistics
42:03 Chemistry
40:45 Treadmill Crane
44:24 Murder Holes
44:39 Fortified Wall
44:41 Masonry
44:30 Bodkin Arrow
44:51 Leather Archer Armor
44:51 Chain Mail Armor
45:14 Siege Engineers
46:41 Bracer
46:37 Guard Tower
XxBuzzXx
10:50 Feudal Age
14:33 Castle Age
12:25 Double-Bit Axe
13:07 Horse Collar
15:20 Loom
16:30 Bow Saw
16:23 Heavy Plow
27:58 Imperial Age
26:46 Wheelbarrow
26:33 Scale Mail Armor
26:44 Forging
26:41 Gold Mining
27:07 Squires
27:50 Chain Mail Armor
27:28 Arson
27:05 Eagle Warrior
28:08 Gambesons
27:45 Man-at-Arms
29:03 Iron Casting
29:07 Conscription
28:46 Long Swordsman
29:49 Garland Wars
30:35 Plate Mail Armor
29:56 Fletching
30:07 Padded Archer Armor
30:31 Ballistics
30:03 Two-Handed Swordsman
32:05 Blast Furnace
30:38 Elite Skirmisher
31:17 Champion
32:10 Bodkin Arrow
32:56 Leather Archer Armor
33:57 Chemistry
33:50 Fortified Wall
34:55 Atlatl
35:28 Bracer
35:44 Stone Mining
44:28 Hand Cart
44:09 Pikeman
poor guy
10:54 Feudal Age
12:10 Double-Bit Axe
12:10 Horse Collar
15:04 Castle Age
15:55 Bow Saw
18:26 Loom
22:21 Wheelbarrow
23:04 Heavy Plow
24:16 Gold Mining
25:06 Hand Cart
30:10 Imperial Age
27:44 Pikeman
28:24 Squires
28:30 Scale Mail Armor
28:40 Forging
29:42 Gold Shaft Mining
28:59 Stone Mining
29:16 Man-at-Arms
30:14 Chain Mail Armor
30:36 Iron Casting
30:30 Fortified Wall
30:15 Halberdier
30:18 Long Swordsman
31:19 Conscription
31:21 Comitatenses
30:34 Capped Ram
31:07 Legionary
33:40 Blast Furnace
32:21 Siege Ram
33:46 Heavy Scorpion
37:07 Chemistry
42:39 Elite Skirmisher
43:12 Fletching
43:22 Padded Archer Armor
44:26 Bodkin Arrow
AI (HD Version)
10:56 Feudal Age
15:23 Castle Age
13:40 Double-Bit Axe
13:53 Horse Collar
16:31 Wheelbarrow
17:08 Bow Saw
18:45 Loom
22:30 Gold Mining
28:20 Imperial Age
26:10 Scale Barding Armor
26:45 Stone Mining
27:41 Forging
28:10 Hand Cart
28:30 Chain Barding Armor
30:27 Plate Barding Armor
30:34 Bloodlines
30:47 Husbandry
30:08 Light Cavalry
32:02 Two-Man Saw
32:21 Iron Casting
32:24 Stone Shaft Mining
31:50 Elite Jarl
33:30 Hussar
35:18 Blast Furnace
43:56 Pikeman
45:37 Town Watch
Mknolix
9:46 Feudal Age
10:43 Loom
14:03 Castle Age
12:16 Double-Bit Axe
14:08 Wheelbarrow
13:23 Horse Collar
15:13 Bow Saw
20:56 Fletching
21:46 Padded Archer Armor
35:24 Bodkin Arrow
39:56 Hand Cart
43:12 Imperial Age
40:55 Scale Barding Armor
41:32 Husbandry
41:43 Bloodlines
41:20 Light Cavalry
43:06 Chain Barding Armor
43:31 Forging
43:15 Hussar
46:02 Plate Barding Armor
Connection lost

Rejoining the realm…

Still unreachable

The connection could not be restored.

Session expired

The server has moved on; the page needs a fresh start.